 Dungeon Crawl Stone Soup version 0.19-a0-1207-g69d5fc3 (webtiles) character file.

77 PurpleRed the Magician (level 4, -3/24 HPs)
             Began as a Deep Elf Fire Elementalist on Aug 21, 2016.
             Killed from afar by Blork the orc (7 damage)
             ... with a magic dart
             ... on level 4 of the Dungeon.
             The game lasted 00:04:15 (335 turns).

PurpleRed the Magician (Deep Elf Fire Elementalist)  Turns: 335, Time: 00:04:15

Health: -3/24      AC:  3    Str:  5    XL:     4   Next: 14%
Magic:  4/12       EV: 13    Int: 21    God:
Gold:   64         SH:  0    Dex: 15    Spells: 2 memorised, 7 levels left

rFire  + . .     SeeInvis .     e - staff of fire
rCold  . . .     Gourm    .     a - +0 robe
rNeg   . . .     Faith    .     (no shield)
rPois  .         Spirit   .     (no helmet)
rElec  .         Dismiss  .     (no cloak)
rCorr  .         Reflect  .     (no gloves)
MR     .....     Harm     .     d - +0 pair of boots
Stlth  ++........               (no amulet)
                                (no ring)
                                (no ring)

@: lethally poisoned (-3 -> -13)
A: no striking features
a: no special abilities


You were on level 4 of the Dungeon.
You were not hungry.

You visited 1 branch of the dungeon, and saw 4 of its levels.

You collected 64 gold pieces.

Inventory:

Armour
 a - a +0 robe (worn)
 d - a +0 pair of boots (worn)
Magical Staves
 e - an uncursed staff of fire (weapon)
Scrolls
 f - a scroll of remove curse
Books
 b - a book of Flames

   Spells                             Type                      Level
   a - Flame Tongue                   Conjuration/Fire             1
   b - Throw Flame                    Conjuration/Fire             2
   c - Conjure Flame                  Conjuration/Fire             3
   d - Inner Flame                    Hexes/Fire                   3
   e - Sticky Flame                   Conjuration/Fire             4
   f - Fireball                       Conjuration/Fire             5
Comestibles
 c - a bread ration
 g - a meat ration


   Skills:
 - Level 2.4 Dodging
 - Level 2.4 Stealth
 + Level 4.2 Spellcasting
 + Level 3.4 Conjurations
 + Level 3.5 Fire Magic


You had 7 spell levels left.
You knew the following spells:

 Your Spells              Type           Power        Failure   Level  Hunger
a - Flame Tongue          Conj/Fire      ####.        2%          1    None
b - Conjure Flame         Conj/Fire      ####....     10%         3    ###....


Dungeon Overview and Level Annotations

Branches:
Dungeon (4/15)
 Temple: D:4-7

Altars:
Yredelemnul

Annotations:
D:4 Blork the orc


Message History

e - an uncursed staff of fire (weapon)
Found a stone staircase leading down.
The orc shouts!
Found 19 gold pieces.
A hound comes into view.
The hound barks!
The orc hits you with a hand axe of venom.
* * * LOW HITPOINT WARNING * * *
You are lethally poisoned!
Found an escape hatch in the ceiling.
* * * LOW HITPOINT WARNING * * *
You feel sick.
Blork the orc mumbles some strange words.
Blork the orc seems to speed up.
There is a stone staircase leading up here.
* * * LOW HITPOINT WARNING * * *
You feel sick. Blork the orc casts a spell at you. The magic dart hits you!
You die...

##.#..#.................
....##....$............$
.....................#
.....[..............>#
#..........#$.##.....#
##.................#...#<
#...##.....o...oo.##....
##..#####......o..h......
#..# #......@.###.....
#..# #....##..# .... #..#
#.......... ... ##..#
###.......... ... #...#
.#...##...... #..##
##..## ##... .....#
#...### o..## ##. ....##
#..... .### #. ...##
##..<. ## #$...


You could see Blork the orc, a hound and 3 orcs.

Vanquished Creatures
  A howler monkey (D:4)
  A worker ant (D:4)
  An adder (D:2)
  2 giant geckos
  A goblin (D:3)
  A bat (D:1)
  2 giant newts (D:1)
9 creatures vanquished.

Notes
Turn   | Place    | Note
-------+----------+-------------------------------------------
     0 | D:1      | PurpleRed the Deep Elf Fire Elementalist began the quest for the Orb.
     0 | D:1      | Reached XP level 1. HP: 10/10 MP: 6/6
   149 | D:2      | Reached XP level 2. HP: 11/15 MP: 2/8
   214 | D:4      | Noticed a scorpion
   230 | D:4      | Noticed Blork the orc
   258 | D:4      | Reached XP level 3. HP: 8/19 MP: 2/10
   263 | D:4      | Learned a level 3 spell: Conjure Flame
   268 | D:4      | Found a basalt altar of Yredelemnul.
   293 | D:4      | Reached skill level 4 in Spellcasting
   293 | D:4      | Reached XP level 4. HP: 5/24 MP: 1/12
   335 | D:4      | Killed from afar by Blork the orc

Vault maps used:
D:1:      lightli_arrival_statue_moat
D:2:      old_standard_altar, first_bread
D:3:      lemuel_coloured_pillars_altar, kennysheep_generic_room_15
D:4:      nicolae_overflow_crystal_walls, marbit_many_paths,
          kennysheep_generic_room_7, uniq_blork_the_orc

Skill      XL: |  1  2  3 |
---------------+----------+-----
Conjurations   | 2 3 |  3.4
Spellcasting   | 4 |  4.2
Dodging        | |  2.4
Stealth        | |  2.4
Fire Magic     | |  3.5

Action                   |  1- 3 |  4- 6 || total
-------------------------+-------+-------++-------
 Cast: Flame Tongue      |    23 |     1 ||    24
       Conjure Flame     |       |     1 ||     1
  Use: Scroll            |     5 |       ||     5
Armor: Robe              |     1 |       ||     1
Dodge: Dodged            |     8 |       ||     8
